 Dungeon Crawl Stone Soup version 0.32-a0-886-g41c5271027 (webtiles) character file.

Game seed: 2531697309096356467

611877 Rennog the Wrestler (level 26, -2/292 HPs)
             Began as a Troll Fighter on Apr 1, 2024.
             Was the Champion of Hepliaklqana.
             Slain by a goliath frog (15 damage)
             ... spawned from a protean progenitor
             ... on level 4 of the Realm of Zot on Apr 2, 2024.
             The game lasted 02:34:12 (52763 turns).

Rennog the Wrestler (Troll Fighter)                Turns: 52763, Time: 02:34:13

Health: -2/292     AC: 31    Str: 31    XL:     26   Next: 26%
Magic:  26/26      EV: 19    Int: 11    God:    Hepliaklqana [******]
Gold:   3960       SH: 29    Dex: 23    Spells: 25/25 levels left

rFire   + . .        l - +6 mace "Dragonslayer" {freeze, rN+}
rCold   + + .        u - +2 tower shield {reflect}
rNeg    + + +        o - melded quicksilver dragon scales
rPois   ∞            S - +2 hat
rElec   +            h - scarf {rC+ rF+}
rCorr   +            (gloves unavailable)
SInv    .            (boots unavailable)
Will    +....        e - amulet of reflection
Stlth   ++           f - ring "Hoduhiet" {rCorr Int+3 Dex+4}
HPRegen 1.48/turn    Q - ring "Ino Lua" {+Blink rC+ rN+ Dex+6}
MPRegen 0.20/turn

%: reflection
@: statue-form, corroded, studying 2 skills, very slow
A: slow and powerful, torment resistance 1, boosted hp, reduced essence, large,
unfitting armour, claws 3, regeneration 1, (shaggy fur 1), (tough skin 1),
deformed body, frail 1
}: 4/15 runes: decaying, silver, abyssal, gossamer
a: Begin Untransformation, Renounce Religion, Evoke Blink, Recall Ancestor,
Ancestor Identity, Transference, Idealise


You were on level 4 of the Realm of Zot.
You worshipped Hepliaklqana.
Hepliaklqana was exalted by your worship.
You were a living statue of rough stone.
You visited 11 branches of the dungeon, and saw 53 of its levels.
You visited the Abyss 1 time.
You also visited: Sewer and Gauntlet.

You collected 7692 gold pieces.
You spent 3732 gold pieces at shops.

Inventory:

Hand Weapons
 l - the +6 mace "Dragonslayer" (weapon) {freeze, rN+}
   (You found it on level 2 of the Dungeon)

   rN+:       It protects you from negative energy.
Armour
 h - a scarf of resistance (worn)
 o - quicksilver dragon scales (melded)
 u - a +2 tower shield of reflection (worn)
 F - +0 gold dragon scales
 S - a +2 hat (worn)
 V - a scarf of invisibility
Jewellery
 e - an amulet of reflection (around neck)
 f - the ring "Hoduhiet" (left claw) {rCorr Int+3 Dex+4}
   (You took it off a necromancer on level 3 of the Crypt)

   [ring of resist corrosion]

   Int+3:     It affects your intelligence (+3).
   Dex+4:     It affects your dexterity (+4).
   rCorr:     It protects you from acid and corrosion.
 n - a +6 ring of intelligence
 x - a ring of protection from cold
 M - a ring of flight
 O - a ring of protection from fire
 Q - the ring "Ino Lua" (right claw) {+Blink rC+ rN+ Dex+6}
   (You bought it in a shop on level 2 of the Orcish Mines)

   [ring of dexterity]

   Dex+6:     It affects your dexterity (+6).
   rC+:       It protects you from cold.
   rN+:       It protects you from negative energy.
   +Blink:    It lets you blink.
 U - the ring of the Rhinotaur {Fly rF- Dex+3 Slay+5}
   (You found it on level 5 of the Vaults)

   [ring of flight]

   Dex+3:     It affects your dexterity (+3).
   Slay+5:    It affects your accuracy & damage with ranged weapons and melee
   (+5).
   rF-:       It makes you vulnerable to fire.
   Fly:       It grants you flight.
 X - the amulet "Daugimmu" {Spirit rC- Str-5 SInv Stlth+}
   (You found it in a Gauntlet)

   [amulet of guardian spirit]

   Spirit:    It causes incoming damage to be divided between your reserves of
   health and magic.
   Str-5:     It affects your strength (-5).
   rC-:       It makes you vulnerable to cold.
   SInv:      It lets you see invisible.
   Stlth+:    It makes you more stealthy.
Talismans
 b - a talisman of death
 Z - a granite talisman (active)
Wands
 w - a wand of mindburst (37)
 B - a wand of digging (29)
 D - a wand of iceblast (74)
 I - a wand of flame (71)
 K - a wand of acid (24)
Scrolls
 a - a scroll of silence
 d - 14 scrolls of teleportation
 g - 9 scrolls of revelation
 m - 13 scrolls of fear
 t - 4 scrolls of butterflies
 v - 4 scrolls of blinking
 y - 4 scrolls of poison
 C - 8 scrolls of fog
 H - 6 scrolls of amnesia
 L - a scroll of immolation
 R - 4 scrolls of torment
 Y - 4 scrolls of enchant armour
Potions
 c - 13 potions of might
 j - 5 potions of heal wounds
 k - 10 potions of haste
 p - 13 potions of mutation
 r - 4 potions of resistance
 s - 19 potions of curing
 z - 7 potions of invisibility
 E - 11 potions of lignification
 G - 2 potions of berserk rage
 J - 5 potions of enlightenment
 N - 3 potions of cancellation
Miscellaneous
 q - a box of beasts
 A - a condenser vane
 P - a phantom mirror
 T - a phial of floods
 W - a lightning rod (4/4)


   Skills:
 + Level 19.6 Fighting
 - Level 6.1 Armour
 + Level 14.3 Dodging
 + Level 18.1 Shields
 + Level 26.1 Unarmed Combat
 - Level 6.1 Invocations
 - Level 7.8 Evocations
 - Level 23.0 Shapeshifting


You had 25 spell levels left.
You didn't know any spells.
Your spell library contained the following spells:

 Spells                   Type           Power      Damage    Failure   Level
 Foxfire                  Conj/Fire      0%         2x1d4     52%         1
 Kiss of Death            Conj/Necr      0%         2d5       52%         1
 Magic Dart               Conj           0%         1d3       52%         1
 Necrotise                Necr           0%         1d4       52%         1
 Sandblast                Erth           0%         2d4       52%         1
 Shock                    Conj/Air       0%         1d3       52%         1
 Slow                     Hex            0%         N/A       52%         1
 Summon Small Mammal      Summ           0%         N/A       52%         1
 Blink                    Tloc           0%         N/A       65%         2
 Call Imp                 Summ           0%         N/A       65%         2
 Cigotuvi's Dreadful Rot  Necr/Alch/Air  0%         N/A       65%         2
 Jinxbite                 Hex            0%         N/A       65%         2
 Static Discharge         Conj/Air       0%         3-3/arc   65%         2
 Confusing Touch          Hex            0%         N/A       87%         3
 Dazzling Flash           Conj/Hex       0%         N/A       87%         3
 Inner Flame              Hex/Fire       0%         N/A       87%         3
 Passwall                 Erth           0%         N/A       87%         3
 Sigil of Binding         Hex            0%         N/A       87%         3
 Stone Arrow              Conj/Erth      0%         3d7       87%         3
 Swiftness                Air            0%         N/A       87%         3
 Teleport Other           Tloc           0%         N/A       87%         3
 Vampiric Draining        Necr           0%         2d6       87%         3
 Volatile Blastmotes      Fire/Tloc      0%         2d10      87%         3
 Airstrike                Air            0%         2d(0-16)  99%         4
 Animate Armour           Summ/Erth      0%         N/A       99%         4
 Brom's Barrelling Bould  Conj/Erth      0%         2d3       99%         4
 Dispel Undead            Necr           0%         3d6       99%         4
 Flame Wave               Conj/Fire      0%         2d4       99%         4
 Ignite Poison            Fire/Alch      0%         N/A       99%         4
 Leda's Liquefaction      Alch/Erth      0%         N/A       99%         4
 Martyr's Knell           Necr/Summ      0%         N/A       99%         4
 Petrify                  Alch/Erth      0%         N/A       99%         4
 Sticky Flame             Fire/Alch      0%         2d4       99%         4
 Summon Blazeheart Golem  Fire/Summ      0%         N/A       99%         4
 Summon Lightning Spire   Summ/Air       0%         N/A       99%         4
 Vhi's Electric Charge    Tloc/Air       0%         N/A       99%         4
 Alistair's Intoxication  Alch           0%         N/A       100%        5
 Borgnjor's Vile Clutch   Necr/Erth      0%         N/A       100%        5
 Curse of Agony           Necr           0%         N/A       100%        5
 Freezing Cloud           Conj/Ice/Air   0%         6-21      100%        5
 Irradiate                Conj/Alch      0%         3d11      100%        5
 Lee's Rapid Deconstruct  Erth           0%         3d4*      100%        5
 Metabolic Englaciation   Hex/Ice        0%         N/A       100%        5
 Summon Forest            Summ/Tloc      0%         N/A       100%        5
 Yara's Violent Unravell  Hex/Alch       0%         3d3       100%        5
 Bombard                  Conj/Erth      0%         9d1       100%        6
 Death Channel            Necr           0%         N/A       100%        6
 Dispersal                Tloc           0%         N/A       100%        6
 Eringya's Noxious Bog    Alch           0%         4d6       100%        6
 Gell's Gavotte           Tloc           0%         2d(11-16) 100%        6
 Plasma Beam              Fire/Air       0%         2x1d10    100%        6
 Sculpt Simulacrum        Ice/Alch       0%         N/A       100%        6
 Starburst                Conj/Fire      0%         6d3       100%        6
 Enfeeble                 Hex            0%         N/A       100%        7
 Haunt                    Necr/Summ      0%         N/A       100%        7
 Malign Gateway           Summ/Tloc      0%         N/A       100%        7
 Orb of Destruction       Conj           0%         9d5       100%        7
 Spellforged Servitor     Conj/Summ      0%         N/A       100%        7
 Summon Hydra             Summ           0%         N/A       100%        7
 Ignition                 Fire           0%         3d3       100%        8
 Lehudib's Crystal Spear  Conj/Erth      0%         10d2      100%        8
 Maxwell's Capacitive Co  Air            0%         ∞         100%        8
 Polar Vortex             Ice            0%         N/A       100%        9


Dungeon Overview and Level Annotations

Branches:
Dungeon (15/15)            Temple (0/1) D:5            Lair (5/5) D:9
  Swamp (4/4) Lair:2       Spider (4/4) Lair:3        Slime (5/5) Lair:5
    Orc (2/2) D:9             Elf (2/3) Orc:2        Vaults (5/5) D:14
  Crypt (3/3) Vaults:2       Tomb (0/3) Crypt:3      Depths (4/4) D:15
    Zot (4/5) Depths:4      Sewer (visited)         Gauntlet (visited)

Altars:
Dithmenos
Elyvilon
Fedhas
Hepliaklqana
Kikubaaqudgha
Makhleb
Okawaru
Vehumet
Xom
Yredelemnul
Jiyva
Lugonu

Shops:
D:2 ?   D:8 *   D:10 :   Orc:1 [!(*   Orc:2 =**(   Elf:1 ([   Vaults:1 ?
Vaults:2 =   Vaults:4 (   Depths:1 !

Portals:
Hell: Depths:1 Depths:2 Depths:3 Depths:4
Abyss: D:5 Lair:5 Depths:2 Depths:3
Pandemonium: Depths:2
Ziggurat: Depths:1
Trove: Vaults:1 (give 14 potions of heal wounds)

Annotations:
D:3 exclusion: statue
D:5 2 transporters, KennySheep's ghost, novice OnWr
D:8 2 transporters, Grum
Lair:2 2 transporters, Griffin23's ghost, journeyman MiFi
Spider:2 Roxanne
Slime:5 Royal Jelly
Vaults:2 exclusion: obsidian statue


Innate Abilities, Weirdness & Mutations

You are a living statue of rough stone.
Your actions are slow, but your melee attacks are powerful.
You are resistant to unholy torment.
Your maximum health is greatly increased.
Your equipment is partially melded.
Your life essence is reduced to manifest your ancestor. (-10% HP)
You are too large for most types of armour.
You are immune to poison.
You have claws for hands.
Your natural rate of healing is unusually fast.
((You are covered in fur. (AC +1)))
((You have tough skin. (AC +1)))
Armour fits poorly on your strangely shaped body.
You are frail. (-10% HP)


Message History

You block the goliath frog's attack. You block the goliath frog's attack. x2
The goliath frog attacks as it pursues you!
You block the goliath frog's attack. x3
You block the eight-headed hydra's attack.
The eight-headed hydra bites you! x2
The eight-headed hydra barely misses you.
The eight-headed hydra bites you!
* * * LOW HITPOINT WARNING * * *
The eight-headed hydra bites you!
* * * LOW HITPOINT WARNING * * *
The eight-headed hydra closely misses you.
The eight-headed hydra bites you.
* * * LOW HITPOINT WARNING * * *
The goliath frog hits you from afar!
* * * LOW HITPOINT WARNING * * *
You are splashed with acid.
You resist.
* * * LOW HITPOINT WARNING * * *
You block the eight-headed hydra's attack. x3
The eight-headed hydra bites you.
* * * LOW HITPOINT WARNING * * *
You block the eight-headed hydra's attack.
The eight-headed hydra bites you but does no damage.
The eight-headed hydra completely misses you.
The eight-headed hydra bites you!!
* * * LOW HITPOINT WARNING * * *
Blink to where?
Press: ? - help, Dir - move target
As you read the scroll of blinking, it crumbles to dust.
The goliath frog barely misses you.
You block the seven-headed hydra's attack. x3
The seven-headed hydra bites you!
* * * LOW HITPOINT WARNING * * *
The seven-headed hydra bites you!
* * * LOW HITPOINT WARNING * * *
You block the seven-headed hydra's attack.
The seven-headed hydra closely misses you.
The goliath frog barely misses you. The goliath frog hits you from afar!
You die...
Hepliaklqana delivers you to your ancestors.

###################
....................#
~~~.................#
#~........[........#
#~.................#
#~.................#
###~.................#
~~~~...........D.^...#
....[..)...d..FDI....+
##+##.........F......#
##.###'#######+#######
.....D..F........#
##..##..DFD......#
#..######.#####. #.##
#.# #.# #.# ##'### #D#


You could see a green draconian, an eight-headed hydra (fast, strong), a
seven-headed hydra (fast, strong) and 2 goliath frogs.

Vanquished Creatures
  Frederick (Vaults:3)
  2 ancient liches
  Mennas (Crypt:1)
  Mara (Depths:3)
  Boris (twice) (Depths:3 Crypt:1)
  A royal mummy (Crypt:3)
  Josephina (Crypt:3)
  A caustic shrike (Depths:3)
  Nikola (Depths:1)
  A profane servitor (Abyss:3)
  7 golden dragons
  Jory (Crypt:2)
  A bone dragon (Depths:4)
  Norris (Depths:2)
  A shard shrike zombie (Crypt:3)
  3 tentacled monstrosities
  A deep elf blademaster (Elf:2)
  3 liches
  4 titans
  A walking frostbound tome (Depths:2)
  8 quicksilver dragons
  4 sphinxes
  6 acid blobs
  An ancient champion (Crypt:2)
  5 tentacled starspawn
  4 death cobs
  4 tengu reavers
  Aizul (Spider:4)
  2 revenants
  11 storm dragons
  5 draconian monks
  10 frost giants
  4 protean progenitors
  5 draconian knights
  5 azure jellies
  8 shadow dragons
  18 vault wardens
  2 iron dragons
  2 deep elf sorcerers
  8 draconian shifters
  A balrug (Abyss:3)
  3 draconian scorchers
  16 emperor scorpions
  10 fire giants
  2 ghost moths
  2 spectral caustic shrikes (Depths:4)
  An angel (Vaults:2)
  2 curse skulls (Crypt:3)
  2 ghouls (Crypt:2)
  5 draconian stormcallers
  3 quicksilver oozes
  A spriggan defender (Depths:3)
  5 draconian annihilators
  2 broodmothers
  18 ironbound preservers
  5 reapers
  16 stone giants
  27 very ugly things
  3 caustic shrike skeletons
  9 vampire knights
  A juggernaut skeleton (Crypt:3)
  3 ironbound thunderhulks
  A deep elf demonologist (Vaults:5)
  2 deep elf death magi
  10 red draconians
  11 green draconians
  5 bunyips
  7 white draconians
  3 eleionomae
  A spark wasp (Depths:3)
  12 dire elephants (Vaults:2)
  6 black draconians
  The ghost of smashvw the Thaumaturge, a journeyman DjCj of Makhleb (Lair:3)
  A deep elf annihilator (Vaults:5)
  2 war gargoyles
  13 yellow draconians
  7 purple draconians
  7 eidola
  A crystal guardian (Vaults:1)
  9 ettins
  A merfolk javelineer (Depths:1)
  A green death (Abyss:1)
  2 deep elf high priests (Vaults:5)
  6 jiangshi
  11 fire dragons
  8 entropy weavers
  11 yaktaur captains
  4 rakshasas
  27 vault guards
  6 great orbs of eyes
  A spriggan skeleton (Abyss:3)
  9 ice dragons
  17 hydras
  2 peacekeepers
  4 spriggan air magi (Depths:4)
  2 ghost crabs
  6 ironbound frosthearts
  7 alligators
  A death knight (D:15)
  A jorogumo (Spider:1)
  3 two-headed ogres
  A radroach (Spider:3)
  16 centaur warriors
  9 boulder beetles
  25 dancing weapons
  A death scarab (Spider:1)
  2 tengu warriors
  7 deep troll earth magi
  12 deep troll shamans
  4 spriggan berserkers
  4 demonic crawlers
  2 vampire magi
  9 spriggans
  Urug (Lair:4)
  15 thrashing horrors
  A titan skeleton (Crypt:2)
  13 hell knights
  9 orc high priests
  A hell hog (Abyss:3)
  4 sun demons (Abyss:3)
  Amaemon (Lair:3)
  9 iron trolls
  9 wretched stars (Abyss:3)
  3 pharaoh ants
  6 skysharks
  3 soul eaters
  8 deep elf knights
  26 skeletal warriors
  3 sixfirhies
  A death drake (Abyss:3)
  2 goliath frogs
  3 spatial maelstroms (Abyss:3)
  Lodul (D:14)
  53 deep trolls
  A swamp dragon (shapeshifter) (D:15)
  A mana viper (shapeshifter) (Abyss:3)
  A spriggan druid (Swamp:2)
  2 mana vipers (Abyss:3)
  3 flayed ghosts
  A golden dragon skeleton (Depths:1)
  3 sun moths
  6 orb spiders
  5 arcanists
  2 sun moths (shapeshifter)
  5 glowing orange brains
  3 sea snakes (Zot:2)
  22 phantasmal warriors
  7 steelbarb worms
  4 bog bodies
  9 deep elf archers
  7 swamp dragons
  7 lindwurms
  A tengu zombie (Vaults:3)
  18 ironbound convokers
  21 deep elf zephyrmancers
  2 wolf spider zombies
  28 deep elf pyromancers
  14 necromancers
  48 ugly things
  8 orc knights (Orc:2)
  2 stone giant zombies
  An anaconda skeleton (Crypt:3)
  A manticore (D:14)
  16 wolf spiders
  7 will-o-the-wisps
  A jorogumo skeleton (Crypt:2)
  An orc sorcerer (D:15)
  3 shining eyes
  10 elephants
  6 cyclopes
  12 starcursed masses
  A cyclops (shapeshifter) (Vaults:5)
  20 large abominations
  28 moths of wrath
  An apocalypse crab (Abyss:3)
  4 worldbinders
  7 centaur zombies
  10 meliai
  An elephant (shapeshifter) (Vaults:5)
  A shock serpent zombie (Crypt:1)
  2 black mambas
  A human skeleton (Vaults:3)
  15 vault sentinels
  A stone giant skeleton (Vaults:3)
  An eye of devastation (Slime:3)
  3 orange demons
  A kobold blastminer (Orc:1)
  Maggie (D:7)
  3 gargoyles
  A molten gargoyle (Swamp:4)
  3 smoke demons
  A guardian serpent (Abyss:3)
  Joseph (D:7)
  3 centaur skeletons
  5 torpor snails
  14 cane toads
  2 hellions
  2 yaktaurs (shapeshifter)
  2 rime drakes
  2 ice devils (Abyss:3)
  3 spriggan zombies
  35 yaktaurs
  2 kobold demonologists
  2 efreet
  3 freezing wraiths
  3 bunyip simulacra (Crypt:3)
  7 ancient zymes
  A minotaur skeleton (Crypt:3)
  7 komodo dragons
  7 tengu conjurers
  An anaconda simulacrum (Crypt:3)
  A merfolk (shapeshifter) (Vaults:5)
  4 guardian mummies
  2 red draconian skeletons (Crypt:1)
  7 trolls
  A troll (shapeshifter) (Lair:5)
  A bloated husk (Swamp:1)
  A harpy zombie (Crypt:3)
  2 polar bears (Lair:4)
  13 hellwings
  14 tarantellas
  Prince Ribbit (D:7)
  4 tyrant leeches
  A harpy skeleton (Crypt:3)
  10 hornets
  35 blink frogs
  An ettin zombie (Depths:1)
  18 raiju
  A snapping turtle (shapeshifter) (Vaults:5)
  25 jumping spiders
  An air elemental (Elf:2)
  71 slime creatures
  A meliai zombie (D:13)
  19 culicivoras
  5 ynoxinuls
  6 water elementals
  An ettin skeleton (Crypt:1)
  9 wraiths
  A fire elemental (Swamp:4)
  43 yaks
  4 shadows
  2 vampires
  3 wyverns
  4 fire bats (Abyss:3)
  18 vampire mosquitoes
  4 neqoxecs
  59 redbacks
  Menkaure (D:5)
  A two-headed ogre zombie (Crypt:2)
  An alligator snapping turtle simulacrum (Crypt:3)
  2 wargs (Orc:2)
  6 basilisks
  5 chaos spawn
  3 steam dragons
  20 small abominations
  2 naga zombies (Crypt:3)
  A deep troll zombie (Crypt:2)
  A harpy simulacrum (Crypt:1)
  10 swamp worms
  3 acid dragons
  A glowing shapeshifter zombie (Vaults:3)
  5 spatial vortices (Abyss:3)
  11 water moccasins
  9 hell hounds (Abyss:3)
  9 swamp drakes
  3 black bears
  A naga skeleton (Crypt:3)
  35 orc warriors
  An ice beast (Abyss:3)
  A sky beast (D:8)
  A sky beast (shapeshifter) (Abyss:3)
  10 laughing skulls
  11 centaurs
  21 wolves
  14 hexers
  17 ogres
  An elf simulacrum (Vaults:3)
  A weeping skull (Abyss:3)
  A phantom (D:7)
  Blork the orc (D:4)
  A snapping turtle skeleton (Crypt:2)
  11 kobold brigands
  19 bullfrogs
  A salamander skeleton (Crypt:2)
  A naga simulacrum (Crypt:1)
  An earth elemental (Elf:2)
  7 wights
  4 scorpions
  6 wyvern skeletons (Crypt:3)
  A raiju zombie (Crypt:2)
  6 killer bees
  A howler monkey (shapeshifter) (Abyss:3)
  4 electric eels
  5 howler monkeys
  A lava snake (Swamp:4)
  A bombardier beetle (D:6)
  4 hounds
  3 quasits (Abyss:3)
  6 jellies
  Crazy Yiuf (D:4)
  22 orc priests
  2 iron imps
  A boggart zombie (D:13)
  4 iguanas
  Ijyb (D:5)
  14 orc wizards
  A sleepcap (D:6)
  5 hell rats (Lair:2)
  3 mummies (Crypt:1)
  A howler monkey zombie (Crypt:1)
  12 adders
  3 gnolls (D:6)
  3 river rats
  A white imp (D:7)
  7 ufetubi
  A dart slug (D:1)
  2 ribbon worms (D:2)
  66 orcs
  5 spectral bats (Abyss:3)
  8 ball pythons
  11 bats
  6 bat simulacra (Abyss:3)
  10 endoplasms
  2 endoplasms (shapeshifter) (Abyss:3)
  3 giant cockroaches
  6 hobgoblins
  A hobgoblin (shapeshifter) (Abyss:3)
  A jackal (shapeshifter) (Abyss:3)
  A jackal (D:2)
  31 kobolds
  3 quokkas
  2 quokkas (shapeshifter) (Abyss:3)
  2 bats (shapeshifter) (Abyss:3)
  3 frilled lizards
  A giant cockroach zombie (Crypt:1)
  4 goblins
  A goblin zombie (Crypt:1)
  2 hobgoblin skeletons
  3 kobolds (shapeshifter) (Abyss:3)
  18 rats
  A spectral weapon (Elf:2)
  5 starspawn tentacles (Abyss:3)
2241 creatures vanquished.

Vanquished Creatures (collateral kills)
  A dread lich (Vaults:5)
  A curse toe (Zot:2)
  A golden dragon (Vaults:5)
  A tentacled monstrosity (Zot:3)
  4 liches
  A quicksilver dragon (Vaults:1)
  2 acid blobs (Slime:5)
  2 death cobs
  A tentacled starspawn (Abyss:3)
  2 shadow dragons
  A storm dragon (Zot:2)
  An azure jelly (Slime:1)
  A draconian knight (Zot:2)
  A rockslime (Slime:5)
  A draconian monk (Zot:1)
  A ghoul (Crypt:2)
  A vault warden (Vaults:2)
  2 spectral caustic shrikes (Depths:4)
  A ghost moth (Spider:4)
  A curse skull (Crypt:1)
  A quicksilver ooze (Slime:2)
  An ironbound thunderhulk (Vaults:4)
  3 very ugly things
  2 deep elf death magi
  A bunyip (Abyss:3)
  2 red draconians
  A dire elephant (Vaults:1)
  An eidolon (Crypt:1)
  2 purple draconians
  A quicksilver dragon zombie (Crypt:3)
  A yaktaur captain (Vaults:4)
  A spriggan zombie (Crypt:3)
  A fire dragon (Swamp:4)
  A jiangshi (Crypt:2)
  A vault guard (Vaults:5)
  A great orb of eyes (Abyss:3)
  9 hydras
  A spriggan air mage (Depths:1)
  A spriggan skeleton (Crypt:3)
  An alligator (Swamp:4)
  A centaur warrior (D:10)
  3 dancing weapons (Elf:2)
  2 thrashing horrors (Abyss:3)
  A soul eater (Crypt:3)
  4 deep elf knights
  A sixfirhy (Abyss:3)
  9 skeletal warriors
  2 spatial maelstroms (Abyss:3)
  A titan skeleton (Crypt:3)
  5 deep trolls
  An arcanist (Vaults:2)
  2 orb spiders
  2 bog bodies
  2 deep elf archers (Elf:1)
  2 steelbarb worms (Spider:1)
  2 glowing orange brains
  4 phantasmal warriors
  An ironbound convoker (Vaults:5)
  6 deep elf pyromancers
  A flayed ghost (Abyss:3)
  5 necromancers (Crypt:3)
  2 lindwurms
  4 deep elf zephyrmancers
  8 ugly things
  A hexer (Zot:4)
  A stone giant zombie (Crypt:3)
  2 large abominations
  A wolf spider (Spider:3)
  A goliath frog skeleton (Crypt:1)
  An orc sorcerer (Orc:1)
  A cyclops (D:12)
  3 moths of wrath
  A worldbinder (Abyss:1)
  2 vault sentinels
  A meliai (Abyss:3)
  A meliai (shapeshifter) (Lair:5)
  An apocalypse crab (Abyss:3)
  3 smoke demons
  A gargoyle (D:12)
  A black mamba (Lair:4)
  2 cane toads (Lair:5)
  A freezing wraith (Abyss:3)
  A hellion (Abyss:3)
  An unseen horror (D:11)
  5 yaktaurs
  3 komodo dragons
  2 harpy zombies
  2 polar bears
  2 trolls (D:12)
  3 hellwings (Crypt:3)
  2 hornets
  A tyrant leech (Swamp:4)
  A queen bee (Abyss:3)
  3 tarantellas
  5 raiju (Abyss:3)
  7 blink frogs
  An ettin zombie (Crypt:3)
  15 slime creatures
  A culicivora (Spider:1)
  2 jumping spiders
  A water elemental (Elf:2)
  3 wraiths
  3 spriggans
  A vampire (Abyss:3)
  3 yaks
  A hog (shapeshifter) (Elf:1)
  A basilisk (Lair:5)
  A warg (Orc:2)
  A vampire mosquito (D:11)
  2 neqoxecs
  3 chaos spawn (Abyss:3)
  A naga zombie (Crypt:3)
  9 redbacks
  6 small abominations
  2 spatial vortices (Abyss:3)
  A two-headed ogre zombie (Crypt:3)
  4 swamp worms
  A water moccasin (Lair:5)
  2 swamp drakes (Swamp:4)
  4 orc warriors
  A black bear (Lair:2)
  3 laughing skulls (Abyss:3)
  10 starcursed masses
  A centaur (D:11)
  A wolf (Lair:1)
  2 ogres (Orc:2)
  A weeping skull (Abyss:3)
  4 bullfrogs
  An earth elemental (Abyss:3)
  2 wyvern skeletons (Crypt:3)
  A polar bear zombie (Crypt:1)
  3 electric eels
  A quasit (Abyss:1)
  An iron imp (Abyss:3)
  A jelly (Lair:5)
  11 orc priests
  A human zombie (Crypt:1)
  7 orc wizards
  An ogre skeleton (Crypt:1)
  5 mummies
  A river rat (shapeshifter) (Abyss:3)
  2 white imps
  14 orcs
  A spectral bat (Abyss:3)
  3 endoplasms (Lair:5)
  An endoplasm (shapeshifter) (Abyss:3)
  A quokka zombie (Crypt:1)
  A starspawn tentacle (Abyss:1)
345 creatures vanquished.

Vanquished Creatures (others)
  A ghost moth (Spider:4)
  A deep elf knight (Elf:1)
  A large abomination (Abyss:3)
  An apocalypse crab (Abyss:3)
  A tengu conjurer (Depths:2)
  3 bloated husks
  A blink frog (Abyss:3)
  A jumping spider (Spider:3)
  2 spriggans (Swamp:1)
  A spatial vortex (Abyss:3)
  2 swamp drakes (Swamp:4)
  3 small abominations (Abyss:3)
  53 hexers
  2 spectral bats (Abyss:3)
  A bat (Abyss:3)
  21 foxfires
  2 lurking horrors (Abyss:3)
  7 starspawn tentacles
104 creatures vanquished.

Grand Total: 2690 creatures vanquished

Notes
Turn   | Place    | Note
-------+----------+-------------------------------------------
     0 | D:1      | Rennog the Troll Fighter began the quest for the Orb.
     0 | D:1      | Reached XP level 1. HP: 22/22 MP: 0/0
    70 | D:1      | Reached XP level 2. HP: 29/29 MP: 1/1
   374 | D:1      | Reached skill level 3 in Unarmed Combat
   458 | D:2      | Reached XP level 3. HP: 36/36 MP: 2/2
   708 | D:2      | Identified the +6 mace "Dragonslayer" {freeze, rN+}
   721 | D:2      | Found Geyluo's Magic Scroll Emporium.
   729 | D:2      | Bought a scroll of teleportation for 42 gold pieces
   743 | D:2      | Reached XP level 4. HP: 45/45 MP: 3/3
  1311 | D:3      | Found a radiant altar of Vehumet.
  1311 | D:3      | Noticed a frost-covered statue
  1337 | D:3      | Reached skill level 4 in Unarmed Combat
  1486 | D:3      | Found a shadowy altar of Dithmenos.
  1773 | D:4      | Noticed Blork the orc
  1882 | D:4      | Reached XP level 5. HP: 43/53 MP: 4/4
  2022 | D:4      | Killed Blork the orc
  2023 | D:4      | Reached skill level 5 in Unarmed Combat
  2175 | D:4      | Reached XP level 6. HP: 53/62 MP: 5/5
  2344 | D:4      | Found a runed translucent door.
  2345 | D:4      | Noticed Crazy Yiuf
  2608 | D:4      | Killed Crazy Yiuf
  2609 | D:4      | Reached skill level 6 in Unarmed Combat
  2657 | D:5      | Entered Level 5 of the Dungeon
  2673 | D:5      | Noticed KennySheep's ghost (novice OnWr)
  2683 | D:5      | Noticed Ijyb
  2686 | D:5      | Found a transporter.
  2686 | D:5      | Found a one-way gate to the infinite horrors of the Abyss.
  2691 | D:5      | Killed Ijyb
  2694 | D:5      | Reached XP level 7. HP: 31/70 MP: 6/6
  2928 | D:5      | Found a transporter.
  2945 | D:5      | Found a staircase to the Ecumenical Temple.
  3101 | D:5      | Found a glowing drain.
  3118 | Sewer    | Entered a sewer
  3131 | Sewer    | Reached skill level 7 in Unarmed Combat
  3385 | Sewer    | Reached skill level 5 in Fighting
  3599 | D:5      | Noticed Menkaure
  3604 | D:5      | Killed Menkaure
  3605 | D:5      | Reached skill level 8 in Unarmed Combat
  3605 | D:5      | Reached XP level 8. HP: 68/80 MP: 7/7
  4677 | D:6      | Reached skill level 9 in Unarmed Combat
  4828 | D:7      | Noticed Joseph
  4836 | D:7      | Killed Joseph
  4837 | D:7      | Reached XP level 9. HP: 34/89 MP: 8/8
  5021 | D:7      | Reached skill level 10 in Unarmed Combat
  5106 | D:7      | Noticed Maggie
  5117 | D:7      | Killed Maggie
  5118 | D:7      | Reached skill level 5 in Shields
  5193 | D:7      | Noticed Prince Ribbit
  5223 | D:7      | Killed Prince Ribbit
  5227 | D:7      | Noticed a kobold demonologist
  5238 | D:7      | Killed a kobold demonologist
  5239 | D:7      | Reached skill level 1 in Armour
  5324 | D:7      | Found a burning altar of Makhleb.
  5325 | D:7      | Found a hazy altar of Hepliaklqana.
  5341 | D:7      | Became a worshipper of Hepliaklqana the Forgotten
  5699 | D:7      | Reached skill level 11 in Unarmed Combat
  5699 | D:7      | Reached XP level 10. HP: 100/100 MP: 9/9
  6190 | D:8      | Found a blossoming altar of Fedhas.
  6190 | D:8      | Found an ancient bone altar of Kikubaaqudgha.
  6296 | D:8      | Identified the scarf of the Treeataur {harm, Fly rF+++
                  | Str-5}
  6298 | D:8      | Found Doshrofye's Assorted Antiques.
  6354 | D:8      | Noticed a two-headed ogre
  6483 | D:9      | Reached * piety under Hepliaklqana
  6490 | D:9      | Found a staircase to the Orcish Mines.
  6562 | D:9      | Found a staircase to the Lair.
  6562 | D:9      | Noticed an elephant
  6568 | D:9      | Killed an elephant
  6685 | D:9      | Noticed a deep elf pyromancer
  6693 | D:9      | Killed a deep elf pyromancer
  6880 | D:9      | Reached skill level 12 in Unarmed Combat
  7303 | D:9      | Reached ** piety under Hepliaklqana
  7404 | D:9      | Remembered your ancestor Gynki as a hexer
  7679 | D:10     | Entered Level 10 of the Dungeon
  7685 | D:10     | Noticed a centaur warrior
  7688 | D:10     | Found Laguvou's Self-Published Books.
  7700 | D:10     | Killed a centaur warrior
  7701 | D:10     | Reached XP level 11. HP: 24/99 MP: 10/10
  8157 | D:10     | Found a white marble altar of Elyvilon.
  8184 | D:10     | Reached *** piety under Hepliaklqana
  8917 | D:11     | Noticed a white ugly thing
  8938 | D:11     | Killed a white ugly thing
  9055 | D:11     | Noticed a white ugly thing
  9065 | D:11     | Killed a white ugly thing
  9066 | D:11     | Reached skill level 13 in Unarmed Combat
  9464 | D:8      | Killed a two-headed ogre
  9499 | D:8      | Noticed Grum
  9559 | D:8      | Found a transporter.
  9561 | D:8      | Found a transporter.
  9635 | D:8      | Noticed a centaur warrior
  9642 | D:8      | Killed a centaur warrior
  9830 | D:8      | Identified a scroll of acquirement
  9839 | D:8      | Acquired a manual of Unarmed Combat
  9887 | D:8      | Noticed a seven-headed hydra
  9900 | D:8      | Killed a seven-headed hydra
  9901 | D:8      | Reached skill level 5 in Armour
  9932 | D:8      | Noticed a green ugly thing
  9942 | D:8      | Killed a green ugly thing
  9943 | D:8      | Reached skill level 14 in Unarmed Combat
 10037 | Lair:1   | Entered Level 1 of the Lair of Beasts
 10164 | Lair:1   | Reached XP level 12. HP: 78/109 MP: 11/11
 10288 | Lair:1   | Reached **** piety under Hepliaklqana
 10302 | Lair:1   | Reached skill level 15 in Unarmed Combat
 10411 | Lair:1   | Reached skill level 16 in Unarmed Combat
 10651 | Lair:1   | Reached skill level 17 in Unarmed Combat
 11282 | Lair:2   | Reached skill level 18 in Unarmed Combat
 11502 | Lair:2   | Found a staircase to the Swamp.
 11629 | Lair:2   | Reached ***** piety under Hepliaklqana
 11674 | Lair:2   | Reached skill level 19 in Unarmed Combat
 11786 | Lair:2   | Reached XP level 13. HP: 113/113 MP: 12/12
 11896 | Lair:2   | Reached skill level 1 in Invocations
 11903 | Lair:2   | Found a transporter.
 11916 | Lair:2   | Noticed Griffin23's ghost (journeyman MiFi)
 11917 | Lair:2   | Found a transporter.
 12389 | Lair:3   | Noticed Amaemon
 12400 | Lair:3   | Killed Amaemon
 12492 | Lair:3   | Found a hole to the Spider Nest.
 12581 | Lair:3   | Found a runed translucent door.
 12582 | Lair:3   | Found a shimmering altar of Xom.
 12582 | Lair:3   | Noticed smashvw's ghost (journeyman DjCj)
 12631 | Lair:3   | Found a gate leading to a gauntlet.
 12651 | Gauntlet | Entered a Gauntlet
 12651 | Gauntlet | Found a transporter.
 12651 | Gauntlet | Found a transporter.
 12651 | Gauntlet | Found a transporter.
 12654 | Gauntlet | Found a transporter.
 12666 | Gauntlet | Found a transporter.
 12667 | Gauntlet | Found a transporter.
 12669 | Gauntlet | Found a large runed translucent door.
 12670 | Gauntlet | Found a large runed translucent door.
 12671 | Gauntlet | Found a large runed translucent door.
 12671 | Gauntlet | Found a large runed translucent door.
 12671 | Gauntlet | Found a runed translucent door.
 12671 | Gauntlet | Found a runed translucent door.
 12690 | Gauntlet | Found a transporter.
 12691 | Gauntlet | Found a transporter.
 12712 | Gauntlet | Found a transporter.
 12751 | Gauntlet | Found a large runed translucent door.
 12752 | Gauntlet | Found a large runed translucent door.
 12753 | Gauntlet | Found a large runed translucent door.
 12753 | Gauntlet | Found a large runed translucent door.
 12754 | Gauntlet | Found a large runed translucent door.
 12755 | Gauntlet | Found a large runed translucent door.
 12756 | Gauntlet | Found a large runed translucent door.
 12756 | Gauntlet | Found a large runed translucent door.
 12757 | Gauntlet | Found a runed translucent gate.
 12757 | Gauntlet | Found a runed translucent gate.
 12757 | Gauntlet | Found a runed translucent gate.
 12759 | Gauntlet | Found a transporter.
 12768 | Gauntlet | Found a large runed translucent door.
 12768 | Gauntlet | Found a large runed translucent door.
 12769 | Gauntlet | Found a large runed translucent door.
 12770 | Gauntlet | Found a large runed translucent door.
 12774 | Gauntlet | Found a transporter.
 12784 | Gauntlet | Found a transporter.
 13060 | Gauntlet | Identified the amulet "Daugimmu" {Spirit rC- Str-5 SInv
                  | Stlth+}
 13070 | Gauntlet | Identified the +5 battleaxe of Fragile Peace {venom, Int+6
                  | Stlth-}
 13070 | Gauntlet | Identified the ring of the Death Scarab {rF+ MP+9}
 13070 | Gauntlet | Noticed a minotaur
 13084 | Gauntlet | Identified the +1 leather armour "Hoheref" {-Cast Fly rF++
                  | rN+}
 13084 | Gauntlet | Identified the +8 chain mail "Damenir" {Dex+3 SInv}
 13790 | Lair:4   | Reached skill level 1 in Shapeshifting
 13862 | Lair:4   | Noticed Urug
 13870 | Lair:4   | Killed Urug
 14261 | D:12     | Reached skill level 5 in Shapeshifting
 14435 | D:12     | Identified the +2 pair of gloves of Asceticism {rC+}
 14973 | D:13     | Reached XP level 14. HP: 126/126 MP: 15/15
 15171 | D:13     | Identified the +0 robe of Nanihyi {rPois rCorr}
 15364 | D:13     | Reached ****** piety under Hepliaklqana
 15653 | D:13     | Reached skill level 10 in Shapeshifting
 15967 | D:13     | Got the Secrets of the Worm
 16778 | D:14     | Noticed Lodul
 16785 | D:14     | Killed Lodul
 17297 | D:14     | Found a gate to the Vaults.
 17438 | Orc:1    | Entered Level 1 of the Orcish Mines
 17438 | Orc:1    | Found Qayr's Antique Weapon Shop.
 17440 | Orc:1    | Found Cuthruderph's Antique Armour Shop.
 17441 | Orc:1    | Found Ehaohath's General Store.
 17482 | Orc:1    | Bought a manual of Unarmed Combat for 960 gold pieces
 17599 | Orc:1    | Reached XP level 15. HP: 48/131 MP: 16/16
 17708 | Orc:1    | Found Deumnita's Distillery.
 17716 | Orc:1    | Bought a potion of heal wounds for 75 gold pieces
 17716 | Orc:1    | Bought a potion of heal wounds for 75 gold pieces
 17847 | Orc:2    | Entered Level 2 of the Orcish Mines
 17907 | Orc:2    | Found a staircase to the Elven Halls.
 18896 | Orc:2    | Found Moty's Jewellery Shop.
 18896 | Orc:2    | Found Sodwe's Weapon Shop.
 18897 | Orc:2    | Found Begam's Assorted Antiques.
 18897 | Orc:2    | Found Coumom's Assorted Antiques.
 19200 | Spider:1 | Entered Level 1 of the Spider Nest
 19517 | Spider:2 | Noticed Roxanne
 19561 | Spider:2 | Reached skill level 15 in Shapeshifting
 19568 | Spider:2 | Noticed an emperor scorpion
 19572 | Spider:2 | Killed an emperor scorpion
 20012 | Spider:2 | Noticed an emperor scorpion
 20013 | Spider:2 | Noticed an emperor scorpion
 20014 | Spider:2 | Noticed an emperor scorpion
 20016 | Spider:2 | Noticed an emperor scorpion
 20016 | Spider:2 | Noticed an emperor scorpion
 20019 | Spider:2 | Noticed an emperor scorpion
 20028 | Spider:2 | Killed an emperor scorpion
 20031 | Spider:2 | Killed an emperor scorpion
 20033 | Spider:2 | Killed an emperor scorpion
 20041 | Spider:2 | Killed an emperor scorpion
 20043 | Spider:2 | Killed an emperor scorpion
 20046 | Spider:2 | Killed an emperor scorpion
 20469 | Spider:1 | Reached XP level 16. HP: 140/140 MP: 17/17
 21249 | Spider:3 | Reached skill level 20 in Unarmed Combat
 21689 | Spider:4 | Entered Level 4 of the Spider Nest
 21696 | Spider:4 | Identified the serpent talisman "Geseen Eseto" {rN+ Int-5
                  | Dex+4 SInv}
 21696 | Spider:4 | Noticed Aizul
 21721 | Spider:4 | Killed Aizul
 21856 | Spider:4 | Reached skill level 21 in Unarmed Combat
 22080 | Spider:4 | Reached XP level 17. HP: 67/145 MP: 4/18
 22164 | Spider:4 | Got a gossamer rune of Zot
 22364 | Swamp:1  | Entered Level 1 of the Swamp
 22399 | Swamp:1  | Reached skill level 22 in Unarmed Combat
 23855 | Swamp:4  | Entered Level 4 of the Swamp
 24022 | Swamp:4  | Reached skill level 23 in Unarmed Combat
 24031 | Swamp:4  | Found a glacial archway.
 24665 | Swamp:4  | Got a decaying rune of Zot
 24942 | Vaults:1 | Entered Level 1 of the Vaults
 24942 | Vaults:1 | Found Maucoeseuj's Magic Scroll Boutique.
 24956 | Vaults:1 | Bought a scroll of identify for 42 gold pieces
 25028 | Vaults:1 | Reached skill level 5 in Dodging
 25116 | Vaults:1 | Reached XP level 18. HP: 156/156 MP: 19/19
 25218 | Vaults:1 | Reached skill level 10 in Fighting
 25342 | Vaults:1 | Found a portal to a secret trove of treasure.
 26494 | Orc:2    | Bought the ring "Ino Lua" {+Blink rC+ rN+ Dex+6} for 1040
                  | gold pieces
 26781 | Vaults:2 | Found a white marble altar of Elyvilon.
 26861 | Vaults:2 | Found a staircase to the Crypt.
 26861 | Vaults:2 | Found a basalt altar of Yredelemnul.
 26861 | Vaults:2 | Found an ancient bone altar of Kikubaaqudgha.
 26944 | Vaults:2 | Found Alikk's Jewellery Shoppe.
 27325 | Vaults:2 | HP: 10/205 [vault warden/+1 battleaxe of flaming (13)]
 27582 | Vaults:2 | Identified the +9 long sword of Rokh {drain, rN+ MP+9
                  | Int+3}
 27949 | Vaults:2 | Reached skill level 5 in Invocations
 27966 | Vaults:2 | Identified the +8 falchion of Destruction {holy, Will+}
 27995 | Vaults:2 | Identified the +1 orcbow of Bodily Harmony {drain, rC+
                  | rCorr Int+3 Dex+3}
 28336 | Vaults:3 | Reached XP level 19. HP: 165/165 MP: 21/21
 28492 | Vaults:3 | Identified the orb of Fashionability {*channel, Stlth+
                  | Tloc}
 28492 | Vaults:3 | Noticed Frederick
 28500 | Vaults:3 | Killed Frederick
 29111 | Vaults:3 | Reached skill level 10 in Shields
 29150 | Vaults:3 | Reached skill level 24 in Unarmed Combat
 29376 | Vaults:4 | Identified the +1 robe of Noon {Rampage Int+3}
 29843 | Vaults:4 | Found Hodukhligo's Weapon Boutique.
 30233 | Vaults:4 | Got the Compilation of the Assistive Cwm
 30546 | Elf:1    | Entered Level 1 of the Elven Halls
 30848 | Elf:1    | Reached XP level 20. HP: 178/178 MP: 23/23
 30938 | Elf:1    | Found an ancient bone altar of Kikubaaqudgha.
 31085 | Elf:1    | You fall into a shaft and drop 1 floor!
 31451 | Elf:2    | Found a runed translucent gate.
 31452 | Elf:2    | Found a runed translucent gate.
 31455 | Elf:2    | Found a runed translucent gate.
 31819 | Elf:2    | Paralysed by an air elemental for 1 turns
 31904 | Elf:2    | Identified the +3 leather armour "Huowam" {rF+ rC+}
 32125 | Elf:1    | Identified the +2 pair of boots of the Gate {rPois}
 32131 | Elf:1    | Got Jujoatur's Quarto of Massed Trauma
 32311 | Elf:1    | Found Yman's Antique Weapon Shoppe.
 32377 | Elf:1    | Found Agucem's Armour Boutique.
 33183 | Lair:3   | Killed smashvw's ghost
 33911 | Lair:5   | Entered Level 5 of the Lair of Beasts
 33959 | Lair:5   | Reached skill level 25 in Unarmed Combat
 34014 | Lair:5   | Found a viscous altar of Jiyva.
 34015 | Lair:5   | Found a staircase to the Slime Pits.
 34604 | Lair:5   | Found a corrupted altar of Lugonu.
 35433 | D:15     | Entered Level 15 of the Dungeon
 35829 | D:15     | Found a staircase to the Depths.
 35975 | Depths:1 | Entered Level 1 of the Depths
 36004 | Depths:1 | Reached XP level 21. HP: 191/191 MP: 24/24
 36230 | Depths:1 | Found a gateway to Hell.
 36327 | Depths:1 | Found Yxuywn's Distillery.
 36330 | Depths:1 | Bought a potion of heal wounds for 105 gold pieces
 36330 | Depths:1 | Bought a potion of curing for 63 gold pieces
 36330 | Depths:1 | Bought a potion of haste for 210 gold pieces
 36374 | Depths:1 | Found a one-way gateway to a ziggurat.
 36383 | Depths:1 | Noticed Nikola
 36390 | Depths:1 | Killed Nikola
 36850 | Depths:1 | Found an iron altar of Okawaru.
 37048 | Depths:2 | Found a one-way gate leading to the halls of Pandemonium.
 37160 | Depths:2 | Noticed Norris
 37165 | Depths:2 | Killed Norris
 37298 | Depths:2 | Reached skill level 1 in Evocations
 37852 | Depths:2 | Reached skill level 15 in Fighting
 37976 | Depths:2 | Identified the +2 scale mail of Ubiquitous Lucidity {Fly
                  | Str+3}
 38198 | Depths:2 | Reached skill level 10 in Dodging
 38470 | Depths:3 | Noticed a caustic shrike
 38476 | Depths:3 | Killed a caustic shrike
 38527 | Depths:3 | Reached XP level 22. HP: 204/204 MP: 25/25
 38527 | Depths:3 | Noticed a golden dragon
 38560 | Depths:3 | Killed a golden dragon
 38593 | Depths:3 | Identified the +7 arbalest "Killer Klown's Foe" {drain,
                  | rElec rF+ rCorr}
 38718 | Depths:3 | Found the +8 storm bow {elec, penet}
 38734 | Depths:3 | Identified the staff of Responsibility {rPois rF+ rC- Str+5
                  | Tloc Alchemy}
 38736 | Depths:3 | Identified the +8 falchion of Infection {spect, Int+7}
 38817 | Depths:3 | You fall into a shaft and drop 1 floor!
 38817 | Depths:4 | Entered Level 4 of the Depths
 39072 | Depths:4 | Found a gate to the Realm of Zot.
 39076 | Depths:4 | Noticed a golden dragon
 39089 | Depths:4 | Killed a golden dragon
 39104 | Depths:4 | Reached skill level 5 in Evocations
 39418 | Depths:4 | Identified the +1 morningstar "Hellblazer" {heavy, rElec
                  | rN+ rCorr}
 39453 | Depths:4 | Identified the +2 quarterstaff "Quosyeri" {antimagic,
                  | *Noise rCorr Int+3 Dex+6}
 39829 | Depths:3 | Noticed Mara
 39833 | Depths:3 | Noticed Rennog's illusion
 39835 | Depths:3 | Killed Mara
 39917 | Depths:3 | Identified the +2 robe "Wuabb" {rN++ Will- Archmagi}
 39917 | Depths:3 | Noticed Boris
 39928 | Depths:3 | Killed Boris
 40386 | Vaults:5 | Entered Level 5 of the Vaults
 40497 | Vaults:4 | Reached XP level 23. HP: 216/216 MP: 26/26
 40608 | Vaults:5 | Identified the staff "Zierul" {Int+3 Tloc Earth}
 40680 | Vaults:5 | Noticed an ancient lich
 40691 | Vaults:5 | Killed an ancient lich
 40759 | Vaults:5 | Identified the ring "Botuud" {rPois rN+ MP+9 Stlth+}
 40888 | Vaults:5 | Identified the ring "Fasidd" {Fire *Slow Str+3 Int+6}
 40893 | Vaults:5 | Identified the ring of the Rhinotaur {Fly rF- Dex+3 Slay+5}
 40896 | Vaults:5 | Identified the +4 broad axe of Pandemonium {elec, rElec rF+
                  | Str+2 Int+2}
 41214 | Vaults:5 | Noticed a dread lich
 41221 | Vaults:5 | Killed a dread lich
 41565 | Vaults:5 | Got a silver rune of Zot
 42445 | Depths:3 | Voluntarily entered the Abyss.
 42969 | Abyss:3  | Found a corrupted altar of Lugonu.
 43380 | Abyss:3  | Gained mutation: Armour fits poorly on your strangely
                  | shaped body. [a shining eye]
 43381 | Abyss:3  | Gained mutation: You are frail. (-10% HP) [a shining eye]
 43524 | Abyss:3  | Reached skill level 15 in Shields
 43573 | Abyss:3  | Reached XP level 24. HP: 205/205 MP: 26/26
 43769 | Abyss:3  | Paralysed by accursed screaming for 1 turns
 43832 | Abyss:3  | Got an abyssal rune of Zot
 44064 | Depths:3 | Escaped the Abyss
 44082 | Depths:3 | Upgraded the game from 0.32-a0-876-gcfddb08e57 to
                  | 0.32-a0-886-g41c5271027
 44359 | Vaults:2 | Bought a talisman of death for 1120 gold pieces
 44421 | Crypt:1  | Entered Level 1 of the Crypt
 44457 | Crypt:1  | Identified the +4 robe of Impatience {Int+3}
 44457 | Crypt:1  | Noticed Boris
 44463 | Crypt:1  | Killed Boris
 44465 | Crypt:1  | Noticed Mennas
 44476 | Crypt:1  | Killed Mennas
 44497 | Crypt:1  | Paralysed by a vampire knight for 4 turns
 45443 | Crypt:2  | Noticed Jory
 45452 | Crypt:2  | Killed Jory
 45944 | Crypt:3  | Entered Level 3 of the Crypt
 46095 | Crypt:3  | Identified the ring of Rotu {Ice rElec}
 46095 | Crypt:3  | Noticed Josephina
 46109 | Crypt:3  | Killed Josephina
 46382 | Crypt:3  | Found an ancient bone altar of Kikubaaqudgha.
 46519 | Crypt:3  | Identified the ring "Hoduhiet" {rCorr Int+3 Dex+4}
 46521 | Crypt:3  | Noticed an ancient lich
 46530 | Crypt:3  | Killed an ancient lich
 46572 | Crypt:3  | Identified the +2 chain mail of Sloth {rElec MP-9 Str+3}
 46786 | Crypt:3  | Noticed a royal mummy
 46794 | Crypt:3  | Killed a royal mummy
 46795 | Crypt:3  | Reached XP level 25. HP: 213/213 MP: 26/26
 46863 | Crypt:3  | Found a staircase to the Tomb.
 47028 | Crypt:3  | Identified the +6 flail "Buacan" {holy, Will+ Dex+3}
 48299 | Slime:1  | Entered Level 1 of the Pits of Slime
 48923 | Slime:5  | Entered Level 5 of the Pits of Slime
 49173 | Slime:5  | Noticed the Royal Jelly
 49799 | Zot:1    | Entered Level 1 of the Realm of Zot
 51313 | Zot:3    | Reached XP level 26. HP: 224/224 MP: 26/26
 51487 | Zot:3    | Reached skill level 26 in Unarmed Combat
 52763 | Zot:4    | HP: 13/292 [seven-headed hydra[a protean progenitor] (12)]
 52763 | Zot:4    | Slain by a goliath frog

Illustrated notes

Levels and vault maps discovered:
D:1:      tarquinn_simple_flora_water_d, layout_rooms, glass_columns_b
D:2:      layout_loops_ring, serial_shops, nicolae_shop_rolling_square,
          chequers_serial_rivers_small_b, minmay_pentomino_w4
D:3:      layout_rooms, nicolae_dithmenos_shadow_blocks, vehumet_statue,
          grunt_decor_one_mirror, nicolae_twisty_statue_hallways
D:4:      layout_gridville, uniq_blork_the_orc, uniq_crazy_yiuf_cottage
D:5:      layout_basic, minmay_temple_entry_antechambers,
          gammafunk_ghost_abyssal_escape, portal_sewer_entry_e,
          chequers_serial_rivers_small_a, uniq_ijyb, uniq_menkaure
D:6:      layout_gridville, minmay_misc_feat_iff,
          nicolae_concentric_dashed_squares_wild, grunt_tough_drop
D:7:      minmay_inner_zag, layout_loops_cross, nicolae_overflow_squiral,
          uniq_prince_ribbit1, uniq_maggie, uniq_joseph
D:8:      minmay_the_grid_plus [minmay_the_grid_odd_star,
          minmay_the_grid_diamond_grid, minmay_the_grid_minigrid_medium,
          minmay_the_grid_minigrid_large,
          minmay_the_grid_prize_shrinking_boxes], layout_rooms,
          grunt_temple_overflow_growth_and_decay, gammafunk_ghost_gnarly_gnolls,
          nicolae_stop_n_shop_1
D:9:      layout_grid_maze, grunt_lair_entry_orc_guard_hut, orc_0_dummy
D:10:     layout_loops_cross, lemuel_doored_altar, nicolae_custom_books,
          hangedman_decor_riveting, minmay_misc_feat_secret_circle,
          minmay_diced_spiral
D:11:     layout_cave_pods
D:12:     minmay_razor_zed, layout_irregular_city, nrook_pool_corridor
D:13:     layout_roguey, serial_undead, serial_undead_b, serial_undead_b,
          serial_undead_e, serial_undead_c, serial_undead_c, serial_undead_a,
          serial_undead_d, serial_undead_d
D:14:     layout_irregular_city, david_vaults_4, hangedman_decor_opposing,
          uniq_lodul
D:15:     grunt_enter_depths_magical_seal, layout_rooms,
          chequers_serial_rivers_micro_d
Lair:1:   dreamdust_cave_troll, layout_gridlike
Lair:2:   layout_cave_pods, skrybe_swamp_entry_bodies, gammafunk_ghost_arena,
          grunt_forest_stairs_clearing, serial_bayou_shore_b
Lair:3:   layout_roguey, spider_nest_entry_a, ebering_ghost_xom,
          gauntlet_entry_generic, serial_bayou_shore_a, uniq_amaemon
Lair:4:   layout_regular_city, uniq_urug
Lair:5:   hellmonk_lair_end_abyssal_woods, layout_cave_pods,
          nicolae_slime_entry_slimehenge, chequers_serial_rivers_micro_a
Swamp:1:  layout_basic_swamp, nicolae_swamp_tree_designs,
          nicolae_swamp_tree_isthmus
Swamp:2:  layout_basic_swamp, evilmike_swamp_ruin_house_1
Swamp:3:  layout_falls_marsh, hangedman_swamp_blocks
Swamp:4:  swamp_fiery, layout_basic_swamp, portal_ice_cave_entry_ugly_swarm,
          infiniplex_staircase_pool
Spider:1: layout_spider_delve
Spider:2: layout_cave_pods, nicolae_spider_scorpion_nest, uniq_roxanne
Spider:3: layout_spider_delve, guppyfry_spider_mini_3
Spider:4: grunt_spider_rune_circles, uniq_aizul
Slime:1:  layout_caves, cheibrodos_slime_lost_civilization_6
Slime:2:  layout_caves, special_room [special_room_jelly],
          nicolae_slime_barrier, nicolae_slime_round_cave
Slime:3:  layout_caves, nicolae_slime_phagocytosis
Slime:4:  layout_caves
Slime:5:  slime_pit
Orc:1:    layout_caves, serial_shops, nicolae_shop_tiny_glass,
          nicolae_shop_tiny_glass, shop, shop, shop_fountains
Orc:2:    st_orc_pillars, layout_caves
Elf:1:    elf_arrival_002, layout_loops_cross, serial_shops,
          nicolae_shop_advertising_works [nicolae_subvault_shop_adworks], shop,
          minmay_elf_sorcery, serial_library_regret_index_double_sided,
          lemuel_statue_altar, nicolae_elf_glass_and_crystal_pillar_1
Elf:2:    nicolae_elf_blades_splatter_lattice
          [nicolae_blade_entry_area_security], layout_gridlike, drop_trap
Vaults:1: grunt_vaults_twisty, hangedman_vaults_impose, nicolae_vaults_house_1,
          vaults_room_glass_cross, hangedman_vaults_maws, vaults_room_fours,
          serial_library_hellmonk_open_square, serial_ice_g,
          nicolae_vaults_little_squares_3, layout_vaults_quadrants,
          serial_shops, nicolae_shop_stone, nicolae_trove_entry_crystal
Vaults:2: ontoclasm_vaults_ring_square, grunt_vaults_focal,
          ontoclasm_vaults_hangar, nicolae_vaults_more_shelving_2,
          nicolae_vaults_tetromino_L_2, lemuel_angel_altar,
          hangedman_vaults_nails, vaults_mumra_minichess_inversion, v_misc_30,
          nicolae_vaults_shelves_hall, nicolae_vaults_surprise_closet,
          nicolae_vaults_weapon_check, nicolae_vaults_statue_guard,
          vaults_dpeg_ring, layout_vaults_ring, minmay_crypt_entry_necro_gods,
          serial_shops, shop
Vaults:3: v_misc_27, nicolae_vaults_offset_grid_hallway_3,
          hangedman_vaults_nails, hangedman_vaults_maws,
          nicolae_vaults_border_crossing, v_misc_30, hangedman_vaults_pinch,
          grunt_vaults_hallway_short, nicolae_vaults_asterisk,
          layout_vaults_omnicross, uniq_frederick
Vaults:4: ontoclasm_vaults_hangar, hangedman_vaults_unwind,
          nicolae_vaults_six-pack, nicolae_vaults_sesquioval_fish,
          nicolae_vaults_closet_pinwheel_6, nicolae_vaults_hallways_thing,
          nicolae_vaults_steering_wheel, nicolae_vaults_windows_and_doors_thing,
          nicolae_vaults_security_offices_1, nicolae_vaults_storage_room_water,
          ontoclasm_vaults_twist, vaults_room_hallway, nicolae_vaults_two_Ls,
          nicolae_vaults_asterisk, layout_vaults_maze_bifur, serial_shops, shop
Vaults:5
Crypt:1:  layout_basic, grunt_crypt_arrival_guarded_gate, uniq_mennas
Crypt:2:  layout_gridlike, serial_glass, glass_columns_c, glass_columns_c,
          due_unseen_surprise, minmay_strange_pillars, minmay_strange_pillars,
          uniq_jory
Crypt:3:  evilmike_haunted_forest, uniq_josephina, uniq_grunn
Depths:1: layout_forbidden_donut, enter_ziggurat_c,
          hellmonk_okawaru_the_only_friend_you_need,
          pf_vacation_house_of_asmodeus, serial_shops,
          nicolae_shop_real_fake_doors, minmay_misc_feat_chi,
          minmay_crystal_water, minmay_hedge_maze, kennysheep_generic_room_9,
          kennysheep_random_hallway, uniq_nikola
Depths:2: hangedman_stitches_corridor, layout_honeycomb, abyss_entry,
          hell_entry, rand_demon_pan_entry_9, solitary_fountain, uniq_norris
Depths:3: minmay_strange_plus, layout_cave_shapes, grunt_metal_band,
          hangedman_abyss_entry_splay, minmay_staircase_bubble, uniq_boris,
          uniq_mara
Depths:4: grunt_crosshair, layout_gridville, serial_bayou_ford_a,
          pf_hell_entry_tar_river, serial_bayou_shore_b
Zot:1:    layout_onion, hangedman_zot_decor_checkerboard
Zot:2:    layout_misc_corridors
Zot:3:    layout_gridlike
Zot:4:    layout_gridlike, regret_index_zotdec_banners

Skill      XL: |  1  2  3  4  5  6  7  8  9 10 11 12 13 14 15 16 17 18 19 20 21 22 23 24 25 26 |
---------------+-------------------------------------------------------------------------------+-----
Unarmed Combat | 3 4 5 6 8 9 11 12 14 19 21 23 24 25 26 | 26.1
Fighting       | 3 4 5 6 7 8 9 10 12 13 15 16 18 19 | 19.6
Shields        | 4 5 6 7 8 9 10 11 12 13 15 17 18 | 18.1
Armour         | 1 3 5 6 |  6.1
Invocations    | 3 5 6 |  6.1
Dodging        | 3 5 6 7 8 10 11 12 14 | 14.3
Shapeshifting  | 7 12 16 17 18 19 20 22 23 | 23.0
Evocations     | 3 5 7 |  7.8

Action                     |  1- 3 |  4- 6 |  7- 9 | 10-12 | 13-15 | 16-18 | 19-21 | 22-24 | 25-27 || total
---------------------------+-------+-------+-------+-------+-------+-------+-------+-------+-------++-------
  Melee: Unarmed           |   103 |   142 |   298 |   479 |   773 |   748 |   863 |  1213 |   432 ||  5051
         Mace              |       |       |       |     3 |     8 |    46 |    18 |       |     1 ||    76
 Invoke: Ancestor Life: He |       |       |       |     1 |       |       |       |       |       ||     1
         Recall Ancestor   |       |       |       |     1 |     5 |       |     1 |     5 |     2 ||    14
  Evoke: Box of beasts     |       |       |       |       |       |       |       |       |     2 ||     2
         Phantom mirror    |       |       |       |       |       |       |       |       |     1 ||     1
    Use: Scroll            |       |       |       |    19 |    10 |     5 |     4 |     2 |     6 ||    46
         Potion            |       |       |       |       |     3 |     3 |     2 |     1 |     1 ||    10
   Stab: Sleeping          |     1 |       |     1 |     1 |       |       |       |     1 |       ||     4
         Distracted        |       |       |       |     7 |    11 |    13 |     9 |    20 |    10 ||    70
         Confused          |       |       |       |     4 |    13 |     8 |    39 |    53 |    34 ||   151
         Paralysed         |       |       |       |       |    24 |    56 |    66 |    75 |    27 ||   248
 Armour: Robe              |    61 |    86 |   119 |       |       |       |       |       |       ||   266
         Steam dragon scal |       |       |    86 |   335 |   294 |       |       |       |       ||   715
         Skin              |       |       |       |       |   373 |  1060 |   514 |   528 |   280 ||  2755
         Quicksilver drago |       |       |       |       |       |       |       |       |    40 ||    40
  Dodge: Dodged            |    38 |    52 |    81 |   136 |   267 |   567 |   343 |   581 |   190 ||  2255
         Repelled          |       |       |       |       |       |       |   104 |    69 |    55 ||   228
  Block: Kite shield       |    48 |    61 |   125 |   239 |   384 |   883 |   803 |   411 |       ||  2954
         Reflection        |       |       |       |       |       |    38 |    94 |    20 |    15 ||   167
         Tower shield      |       |       |       |       |       |       |       |  1155 |   593 ||  1748
   Form: Statue            |       |       |       |       |     1 |       |       |     1 |     1 ||     3
                           |       |       |       |       |       |       |       |     1 |       ||     1
         Death             |       |       |       |       |       |       |       |       |     1 ||     1

Table legend: (Time is in decaauts)
 A = Elapsed time spent in this place.
 B = Non-inter-level travel time spent in this place.
 C = Inter-level travel time spent in this place.
 D = Time resting spent in this place.
 E = Time spent auto-exploring this place.
 F = Levels seen in this place.
 G = Mean time per level.
                   A        B        C        D        E       F      G
               +--------+--------+--------+--------+--------+-----+--------+
         Total |  67443 |  56004 |  11439 |   1703 |  39851 |  58 | 1162.8 |
       Dungeon |  17025 |  12622 |   4403 |     84 |   9908 |  15 | 1135.0 |
          Lair |   7246 |   5631 |   1615 |     69 |   4440 |   5 | 1449.2 |
         Swamp |   3541 |   3298 |    243 |      0 |   2605 |   4 |  885.2 |
   Spider Nest |   4773 |   4024 |    749 |    194 |   2769 |   4 | 1193.2 |
    Slime Pits |   1134 |    992 |    142 |    266 |    433 |   5 |  226.8 |
  Orcish Mines |   2627 |   2122 |    505 |    249 |   1264 |   2 | 1313.5 |
   Elven Halls |   2796 |   2686 |    110 |    118 |   1885 |   2 | 1398.0 |
        Vaults |  10689 |   9097 |   1592 |    261 |   6784 |   5 | 2137.8 |
         Crypt |   4471 |   4119 |    352 |     64 |   2980 |   3 | 1490.3 |
        Depths |   7144 |   5650 |   1494 |     64 |   4156 |   4 | 1786.0 |
           Zot |   3012 |   2783 |    229 |    124 |   1825 |   4 |  753.0 |
         Abyss |   2204 |   2204 |      0 |    153 |    471 |   3 |  734.7 |
         Sewer |    345 |    345 |      0 |      0 |    192 |   1 |  345.0 |
      Gauntlet |    431 |    431 |      0 |     55 |    136 |   1 |  431.0 |
               +--------+--------+--------+--------+--------+-----+--------+

Top non-repeatable levels by time:
Vaults:2: 2543 daAuts
    D:14: 2424 daAuts
Depths:2: 2380 daAuts
Vaults:1: 2299 daAuts
Vaults:5: 2299 daAuts
 Crypt:3: 2282 daAuts
   Orc:2: 1904 daAuts
  Lair:5: 1864 daAuts
Depths:1: 1849 daAuts
Depths:4: 1787 daAuts
Vaults:3: 1787 daAuts
Vaults:4: 1759 daAuts
 Abyss:3: 1745 daAuts
Spider:2: 1629 daAuts
     D:9: 1599 daAuts
